 Dungeon Crawl Stone Soup version 0.19.0-2-gae57169 (webtiles) character file.

104 Gargoyl the Skirmisher (level 4, 0/35 HPs)
             Began as a Demonspawn Abyssal Knight on Nov 4, 2016.
             Was a Believer of Lugonu.
             Slain by a worker ant (3 damage)
             ... on level 6 of the Dungeon.
             The game lasted 00:05:16 (2762 turns).

Gargoyl the Skirmisher (Demonspawn Abyssal Knight)  Turns: 2762, Time: 00:05:17

Health: 0/35       AC: 14    Str: 14    XL:     4   Next: 52%
Magic:  0/6        EV:  9    Int: 13    God:    Lugonu [**....]
Gold:   152        SH:  0    Dex: 17    Spells: 0 memorised, 3 levels left

rFire  + . .     SeeInvis .     a - +2 hand axe
rCold  + . .     Gourm    .     g - +0 plate armour
rNeg   . . .     Faith    .     (no shield)
rPois  +         Spirit   +     (no helmet)
rElec  +         Reflect  .     (no cloak)
rCorr  +         Harm     .     (no gloves)
MR     +....                    (no boots)
Stlth  ..........               (no amulet)
                                (no ring)
                                n - ring of protection from magic

@: agile, resistant
A: slimy green scales 2, magic shield
a: Depart the Abyss, Bend Space, Renounce Religion


You were on level 6 of the Dungeon.
You worshipped Lugonu.
Lugonu was pleased with you.
You were not hungry.

You visited 1 branch of the dungeon, and saw 6 of its levels.
You visited the Abyss 1 time.

You collected 152 gold pieces.

Inventory:

Hand Weapons
 a - a +2 hand axe (weapon)
Missiles
 p - 7 tomahawks of returning (quivered)
Armour
 g - a +0 plate armour (worn)
Jewellery
 i - the amulet of the Sunfish {Faith rN+ Stlth+, unknown}
   (You found it on level 4 of the Dungeon)

   [amulet of faith]

   It allows you to gain divine favour quickly.
   It protects you from negative energy.
   It makes you more stealthy.
 n - a ring of protection from magic (left hand)
Scrolls
 d - a scroll of enchant weapon
 l - 2 scrolls of identify
 m - a scroll of teleportation {unknown}
Comestibles
 b - 3 fruits
 c - 4 bread rations
 h - 2 beef jerkies


   Skills:
 + Level 3.4 Fighting
 + Level 2.9 Axes
 * Level 2.9 Armour
 + Level 1.0 Dodging
 * Level 3.1 Invocations


You had 3 spell levels left.
You didn't know any spells.

Dungeon Overview and Level Annotations

Branches:
Dungeon (6/15)
 Temple: D:4-7

Altars:

Annotations:
D:4 Dowan, Duvessa


Innate Abilities, Weirdness & Mutations

You are mostly covered in slimy green scales. (AC +3)
When hurt, damage is shared between your health and your magic reserves.


Message History

Your plate armour prevents you from hitting the frilled lizard.
You hit the worker ant but do no damage.
The frilled lizard bites you but does no damage.
The worker ant bites you but does no damage.
An orc comes into view. It is wielding a trident.
Unknown command.
You aren't carrying any potions.
As you read the scroll labeled CIUKOO OCUORUD, it crumbles to dust.
You feel aware of your surroundings.
It was a scroll of magic mapping.
The orc shouts!
The worker ant bites you but does no damage.
The frilled lizard bites you but does no damage.
An orc warrior comes into view. It is wielding a war axe.
As you read the scroll labeled CYIJ PYSOFYCU, it crumbles to dust.
It is a scroll of recharging.
You aren't carrying any rechargeable items.
The worker ant bites you.
* * * LOW HITPOINT WARNING * * *
The frilled lizard barely misses you. The worker ant bites you.
You die...

*,,,,,,,,,,* *****
*,,,,,,,,,,* ,,,,*
**,,,,,,,**** ,,,,*
*,,,,,,,,,,*
,,,,*******,*+***+**,*
,,,,,,,,,,,,,,,,,>,,,*
,,,,****,,,,*,,,>,****
,,,,****,#########*
,,,,**,,,#.....l@#
,,,,**,**#.#...a##
****,*,* *,#....*
*,*,* *,#..c.*
*,,,***+#...o*
*,*,,,,......*
*,*,,,.....o.*
*,+,,,.....oo***
***,,,,,,,,,,,,*


You could see an orc warrior, a centaur, a worker ant, 3 orcs and a frilled
lizard.

Vanquished Creatures
  An adder (D:2)
  An ooze (D:3)
  3 dart slugs
  3 leopard geckos (D:1)
  7 orcs (D:3)
  A ball python (D:3)
  8 bats
  2 giant cockroaches
  10 goblins
  8 hobgoblins
  11 jackals
  3 frilled lizards
  7 kobolds
  4 rats
69 creatures vanquished.

Notes
Turn   | Place    | Note
-------+----------+-------------------------------------------
     0 | Abyss:1  | Gargoyl the Demonspawn Abyssal Knight began the quest for the Orb.
     0 | Abyss:1  | Reached XP level 1. HP: 18/18 MP: 2/2
    79 | Abyss:1  | Noticed a large abomination
   113 | Abyss:1  | Noticed an emperor scorpion simulacrum
   136 | Abyss:1  | Noticed an ancient zyme
   139 | Abyss:1  | Noticed a raiju
   141 | Abyss:1  | Noticed a jelly
   158 | Abyss:1  | Noticed a chaos spawn
   163 | Abyss:2  | Found a corrupted altar of Lugonu.
   221 | Abyss:2  | Noticed a naga mage
   223 | D:1      | Escaped the Abyss
   355 | D:1      | Reached * piety under Lugonu
   377 | D:1      | Gained mutation: You are partially covered in slimy green scales. (AC +2) [demonic ancestry]
   377 | D:1      | Reached XP level 2. HP: 24/24 MP: 3/3
   956 | D:2      | Gained mutation: You are mostly covered in slimy green scales. (AC +3) [demonic ancestry]
   956 | D:2      | Reached XP level 3. HP: 20/29 MP: 3/5
   963 | D:2      | Reached skill level 1 in Dodging
  1308 | D:2      | Found a faded altar of an unknown god.
  1317 | D:2      | Reached ** piety under Lugonu
  1712 | D:3      | Gained mutation: When hurt, damage is shared between your health and your magic reserves. [demonic ancestry]
  1712 | D:3      | Reached XP level 4. HP: 27/35 MP: 6/6
  2705 | D:4      | Got a brightly glowing platinum amulet
  2738 | D:4      | Noticed Dowan
  2739 | D:4      | Noticed Duvessa
  2752 | D:5      | Entered Level 5 of the Dungeon
  2752 | D:5      | Noticed an ice beast
  2759 | D:6      | Noticed a centaur
  2762 | D:6      | Noticed an orc warrior
  2762 | D:6      | Slain by a worker ant

Skill      XL: |  1  2  3 |
---------------+----------+-----
Armour         | 2 |  2.9
Axes           | 2 |  2.9
Dodging        | 1 |  1.0
Invocations    | 3 |  3.1
Fighting       | |  3.4

Action                   |  1- 3 |  4- 6 || total
-------------------------+-------+-------++-------
Melee: Hand axe          |   136 |    56 ||   192
Invok: Depart the Abyss  |     1 |       ||     1
       Bend Space        |       |     1 ||     1
  Use: Scroll            |     5 |     2 ||     7
       Potion            |       |     3 ||     3
  Eat: Chunk             |     3 |     3 ||     6
Armor: Plate armour      |   158 |    77 ||   235
Dodge: Dodged            |    37 |    14 ||    51
